 Dungeon Crawl Stone Soup version 0.24.0-123-gd5b16e6ec5 (webtiles) character file.

Game seed: 2197994065993049193, levelgen mode: deterministic

1146 MisterOstroum the Skirmisher (level 8, -13/73 HPs)
             Began as a Hill Orc Warper on Jan 11, 2020.
             Was a Follower of Okawaru.
             Mangled by Menkaure (16 damage)
             ... on level 5 of the Dungeon.
             The game lasted 00:11:14 (5364 turns).

MisterOstroum the Skirmisher (Hill Orc Warper)      Turns: 5364, Time: 00:11:15

Health: -13/73     AC: 11    Str: 20 (21) XL:     8   Next: 38%
Magic:  11/11      EV:  6    Int: 15 (16) God:    Okawaru [*.....]
Gold:   136        SH:  0    Dex:  8 (10) Spells: 8/10 levels left

rFire    . . .     SeeInvis .   a - +0 spear
rCold    + . .     Gourm    .   (no shield)
rNeg     . . .     Faith    .   h - +0 plate armour
rPois    .         Spirit   .   (no helmet)
rElec    .         Reflect  .   (no cloak)
rCorr    .         Harm     .   (no gloves)
MR       .....                  (no boots)
Stlth    ..........             (no amulet)
HPRegen  0.22/turn              (no ring)
MPRegen  0.12/turn              (no ring)

@: mighty, brilliant, hasted, very quick
A: cold resistance 1, dopey 1, evolution 1
a: Heroism, Renounce Religion


You were on level 5 of the Dungeon.
You worshipped Okawaru.
Okawaru was aware of your devotion.
You were not hungry.

You visited 1 branch of the dungeon, and saw 6 of its levels.

You collected 136 gold pieces.

Inventory:

Hand Weapons
 a - a +0 spear (weapon)
 b - a +2 dagger of venom
 i - a +0 hand axe
Missiles
 k - 31 bolts
 n - 124 stones
 v - 6 curare-tipped darts
 x - 5 poisoned darts (quivered)
 y - 20 arrows
 B - a throwing net {!f}
Armour
 f - a +0 helmet
 h - a +0 plate armour (worn)
 m - a +0 leather armour
Jewellery
 o - an uncursed ring of positive energy {unknown}
Wands
 g - a wand of digging (3)
Scrolls
 c - 2 scrolls of enchant armour {unknown}
 d - 2 scrolls of blinking {@r4}
 j - a scroll of random uselessness {unknown}
 p - 3 scrolls of identify {unknown}
 q - 3 scrolls of teleportation {unknown}
 r - a scroll of amnesia {unknown}
 t - 2 scrolls of enchant weapon {unknown}
 w - 2 scrolls of immolation {unknown}
 C - a scroll of magic mapping {unknown}
Potions
 z - a potion of might {@q3 !q}
Comestibles
 e - 4 rations
 D - 2 chunks of flesh


   Skills:
 * Level 7.2 Fighting
 + Level 5.0(6.3) Axes
 + Level 4.9(5.6) Polearms
 - Level 0.8 Throwing
 + Level 4.2 Armour
 - Level 1.6 Dodging
 - Level 1.5 Spellcasting
 - Level 2.4 Translocations
 + Level 4.4 Invocations


You had 8 spell levels left.
You knew the following spells:

 Your Spells              Type           Power        Failure   Level  Hunger
B - Blink                 Tloc           N/A          32%         2    ###....

Your spell library contained the following spells:

 Spells                   Type           Power        Failure   Level  Hunger
 Shroud of Golubria       Chrm/Tloc      ##....       45%         2    ###....
 Beastly Appendage        Tmut           ##....       47%         1    ##.....
 Gell's Gravitas          Tloc           ###.......   52%         3    ####...
 Lesser Beckoning         Tloc           ###.......   52%         3    ####...
 Teleport Other           Tloc           ###.....     52%         3    ####...
 Sticks to Snakes         Tmut           ##......     61%         2    ###....
 Spider Form              Tmut/Pois      ##........   80%         3    ####...
 Passage of Golubria      Tloc           N/A          86%         4    #####..
 Ice Form                 Ice/Tmut       ##......     98%         4    #####..
 Blade Hands              Tmut           ##........   100%        5    ######.


Dungeon Overview and Level Annotations

Branches:
Dungeon (6/15)             Temple (0/1) D:4

Altars:
Ashenzari
Dithmenos
Okawaru

Annotations:
D:5 Menkaure


Innate Abilities, Weirdness & Mutations

Your flesh is cold resistant. (rC+)
You are dopey. (Int -2)
You evolve.


Message History

You hit the orc but do no damage.
The orc is poisoned.
The orc hits you with a +0 whip.
You hit the orc.
You kill the orc!
Okawaru accepts your kill.
Things that are here:
a +0 whip; a +0 scale mail There isn't anything to butcher here.
You start resting.
You are near starving!
Okay, then.
Things that are here:
a +0 whip; a +0 scale mail
There is a stone staircase leading down here.
You see here a ring mail.
Things that are here:
a +0 flail; a +0 ring mail; an orc corpse You butcher the orc corpse.
D - 3 chunks of flesh
Things that are here:
a +0 flail; a +0 ring mail; an orc skeleton Eat one of 3 chunks of flesh? (ye/n/q)
You eat one of the 3 chunks of flesh.
This raw flesh tastes terrible.
You are feeling hungry.
Eat one of 2 chunks of flesh? (ye/n/q)
You eat one of the 2 chunks of flesh.
This raw flesh tastes terrible.
HP restored.
Things that are here:
a +0 flail; a +0 ring mail; an orc skeleton
Things that are here:
a +1 dagger of speed; a cursed -1 robe; an orc corpse You butcher the orc corpse.
D - 2 chunks of flesh (gained 1)
Things that are here:
a +1 dagger of speed; a cursed -1 robe; an orc skeleton
Things that are here:
a +1 dagger of speed; a cursed -1 robe; an orc skeleton
x - 3 poisoned darts (gained 2)
Items here: ))) [[ รท
x - 4 poisoned darts (gained 1)
x - 5 poisoned darts (gained 1)
x - 6 poisoned darts (gained 1)
An orc priest comes into view.
An orc priest is nearby!
An orc priest is nearby!
Throwing (i - inventory. (/) - cycle)
x - 6 poisoned darts (quivered)
Press: ? - help, Shift-Dir - straight line, f - orc priest
Aim: an orc priest (hasn't noticed you)
You throw a poisoned dart. The poisoned dart hits the orc priest.
The orc priest is poisoned.
The orc priest shouts!
You start waiting.
The orc priest is too close now for your liking.
The orc priest calls down the wrath of Beogh upon you.
Pain shoots through your body!
Found a stone staircase leading up.
Menkaure shouts!
The orc priest hits you but does no damage.
Menkaure gestures wildly while chanting.
Menkaure seems to speed up.
The orc priest shouts, "Surrender to Beogh and we'll let you live!"
You hit the orc priest.
The orc priest looks even sicker.
The orc priest is heavily wounded.
The orc priest hits you.
You hit the orc priest but do no damage.
The orc priest shouts, "Beogh is our master!
Accept the truth or die!"
The orc priest is heavily wounded.
Menkaure calls on the powers of darkness!
Your body is wracked with pain!
The orc priest mumbles some strange prayers to Beogh against you.
Beogh smites you!
Evoke which item? (* to show all) (? for menu, Esc to quit)
Okay, then.
Unknown command.
It was a potion of might.
You feel very mighty all of a sudden. The orc priest barely misses you.
It was a potion of degeneration.
There was something very wrong with that liquid.
You feel weakened.
You feel dopey.
You feel clumsy.
You kill the orc priest!
Okawaru accepts your kill.
Your base Axes skill increases to level 5!
Menkaure hits you!!
* * * LOW HITPOINT WARNING * * *
Your +2 dagger of venom stops dripping with poison.
a - a +0 spear (weapon)
Menkaure calls on the powers of darkness!
Your body is wracked with pain!
* * * LOW HITPOINT WARNING * * *
It was a potion of brilliance.
You feel clever all of a sudden. Menkaure barely misses you.
It was a potion of haste.
You feel yourself speed up. Menkaure hits you.
* * * LOW HITPOINT WARNING * * *
It was a potion of mutation.
You feel extremely strange.
You feel nature experimenting on you.
Don't worry, failures die fast.
You feel stupid.
You feel resistant to cold. Menkaure hits you!
You die...

#.#.# #.#
#)#.# #.#
#.#.# #.#
##)#.# #....#
######..###
##....(..#
......(.##
##.####@# #
#.M......
.....####
....(..#
.8...8...#
............
.8...<...8..#
##...........#


You could see Menkaure.

Vanquished Creatures
  Sigmund (D:3)
  An orc warrior (D:3)
  A phantom (D:4)
  2 ogres
  Blork the orc (D:4)
  A scorpion (D:5)
  A bullfrog zombie (D:5)
  2 orc priests
  2 hounds (D:4)
  4 orc wizards
  3 worker ants
  A hound zombie (D:5)
  Robin (D:2)
  6 adders
  An adder skeleton (D:4)
  4 worms
  3 dart slugs
  3 leopard geckos
  12 orcs
  A ball python (D:3)
  7 giant cockroaches
  11 goblins
  8 hobgoblins
  6 kobolds
  2 quokkas
  7 bats
  2 frilled lizards
  A leopard gecko skeleton (D:5)
  A quokka skeleton (D:3)
  8 rats
104 creatures vanquished.

Vanquished Creatures (others)
  An orc wizard (D:5)
1 creature vanquished.

Grand Total: 105 creatures vanquished

Notes
Turn   | Place    | Note
-------+----------+-------------------------------------------
     0 | D:1      | MisterOstroum the Hill Orc Warper began the quest for the
                  | Orb.
     0 | D:1      | Reached XP level 1. HP: 18/18 MP: 3/3
   121 | D:1      | Reached XP level 2. HP: 7/25 MP: 4/4
   129 | D:1      | Learned a level 2 spell: Blink
   607 | D:1      | Reached skill level 3 in Fighting
   862 | D:1      | Reached XP level 3. HP: 29/31 MP: 5/5
   928 | D:1      | Reached skill level 1 in Axes
  1151 | D:2      | Found an iron altar of Okawaru.
  1157 | D:2      | Became a worshipper of Warmaster Okawaru
  1225 | D:2      | Reached XP level 4. HP: 38/38 MP: 6/6
  1481 | D:2      | Noticed Robin
  1760 | D:2      | Killed Robin
  1906 | D:2      | Reached skill level 4 in Fighting
  1930 | D:2      | Found a shadowy altar of Dithmenos.
  2081 | D:3      | Noticed an orc warrior
  2084 | D:3      | Reached skill level 1 in Invocations
  2084 | D:3      | Reached XP level 5. HP: 15/46 MP: 7/7
  2226 | D:3      | Noticed Sigmund
  2243 | D:3      | Killed Sigmund
  2243 | D:3      | Reached * piety under Okawaru
  2243 | D:3      | Reached XP level 6. HP: 29/55 MP: 8/8
  2586 | D:3      | Reached skill level 5 in Fighting
  2673 | D:3      | Found a glowing drain.
  2753 | D:3      | Killed an orc warrior
  2763 | D:3      | Reached XP level 7. HP: 11/61 MP: 7/9
  3899 | D:4      | Found a staircase to the Ecumenical Temple.
  3908 | D:4      | Noticed Blork the orc
  3924 | D:4      | Killed Blork the orc
  3924 | D:4      | Reached skill level 6 in Fighting
  3925 | D:4      | Found a shattered altar of Ashenzari.
  4661 | D:4      | Reached XP level 8. HP: 71/71 MP: 10/10
  4946 | D:5      | Entered Level 5 of the Dungeon
  5056 | D:5      | You fall into a shaft and drop 1 floor!
  5129 | D:5      | Reached skill level 7 in Fighting
  5153 | D:5      | Noticed Menkaure
  5360 | D:5      | Reached skill level 5 in Axes
  5363 | D:5      | HP: 3/73 [Menkaure (3)]
  5364 | D:5      | Gained mutation: You evolve. [potion of mutation]
  5364 | D:5      | Gained mutation: You are dopey. (Int -2) [potion of
                  | mutation]
  5364 | D:5      | Gained mutation: Your flesh is cold resistant. (rC+)
                  | [potion of mutation]
  5364 | D:5      | Mangled by Menkaure

Levels and vault maps discovered:
D:1:      dpeg_arrival_ternary, layout_basic
D:2:      layout_rooms, lemuel_round_altar, minmay_misc_feat_x,
          nicolae_dithmenos_shadow_blocks, uniq_robin
D:3:      wander_river, layout_loops_corners, gup_sewer_entry_glass,
          kennysheep_doodads, uniq_sigmund
D:4:      layout_layer_cave, minmay_temple_entry_stoned_glass, first_ration,
          ashenzari_altar_1, uniq_blork_the_orc
D:5:      layout_loops_ring, grunt_ministairs_2, minmay_misc_feat_pillars,
          uniq_menkaure
D:6:      layout_gridville

Skill      XL: |  1  2  3  4  5  6  7  8 |
---------------+-------------------------+-----
Fighting       | 3 4 5 6 7 |  7.2
Axes           | 1 2 3 4 5 |  5.0
Polearms       | 3 4 |  4.9
Armour         | 2 3 4 |  4.2
Invocations    | 1 2 3 4 |  4.4
Throwing       | |  0.8
Dodging        | |  1.6
Spellcasting   | |  1.5
Translocations | |  2.4

Action                   |  1- 3 |  4- 6 |  7- 9 || total
-------------------------+-------+-------+-------++-------
Melee: Spear             |   134 |    75 |    64 ||   273
       Dagger            |       |    88 |   143 ||   231
       Unarmed           |       |    10 |       ||    10
Throw: Stone             |       |     9 |     1 ||    10
       Boomerang         |       |     5 |       ||     5
       Dart              |       |     4 |    20 ||    24
Invok: Heroism           |       |     1 |       ||     1
  Use: Potion            |     2 |     4 |     5 ||    11
  Eat: Chunk             |     1 |     5 |     9 ||    15
Armor: Leather armour    |    23 |       |       ||    23
       Plate armour      |    72 |   104 |   103 ||   279
       Skin              |       |    25 |       ||    25
Dodge: Dodged            |    46 |    44 |    54 ||   144
